 Dungeon Crawl Stone Soup version 0.25-a0-292-gaa31f046c4 (webtiles) character file.

Game seed: 2039447563636027876, levelgen mode: deterministic

214 MoonlitKnight the Insei (level 5, -1/45 HPs)
             Began as a Draconian Transmuter on Dec 15, 2019.
             Slain by Natasha (10 damage)
             ... on level 4 of the Dungeon.
             The game lasted 00:09:46 (3508 turns).

MoonlitKnight the Insei (Draconian Transmuter)      Turns: 3508, Time: 00:09:46

Health: -1/45      AC:  9    Str: 12    XL:     5   Next: 59%
Magic:  8/8        EV: 12    Int: 14    God:
Gold:   169        SH:  4    Dex: 12    Spells: 1/8 levels left

rFire    . . .     SeeInvis .     - Unarmed
rCold    . . .     Gourm    .   n - +0 buckler
rNeg     . . .     Faith    .   (armour unavailable)
rPois    .         Spirit   .   (helmet restricted)
rElec    .         Reflect  .   (no cloak)
rCorr    .         Harm     .   (no gloves)
MR       .....                  (no boots)
Stlth    +.........             (no amulet)
HPRegen  0.15/turn              v - +4 ring of protection
MPRegen  0.11/turn              w - ring of wizardry

@: appendage (expiring), slowed, very slow
A: unfitting armour, horns 2, cold-blooded, AC +5
a: End Transformation


You were on level 4 of the Dungeon.
You were hungry.
You had grown temporary horns.
You visited 1 branch of the dungeon, and saw 4 of its levels.

You collected 169 gold pieces.

Inventory:

Hand Weapons
 a - a +0 hunting sling
Missiles
 e - 48 arrows
 g - 52 sling bullets
Armour
 n - a +0 buckler (worn)
Jewellery
 v - a +4 ring of protection (left hand)
 w - a ring of wizardry (right hand)
Wands
 m - a wand of polymorph (7)
Scrolls
 j - 3 scrolls of teleportation
 k - a scroll of identify
 l - a scroll of fog {unknown}
 q - a scroll of immolation {unknown}
 s - a scroll of amnesia {unknown}
 t - a scroll of noise {unknown}
 u - 2 scrolls of remove curse
 x - a scroll of enchant armour {unknown}
 y - a scroll of fear {unknown}
Potions
 b - a potion of berserk rage {unknown}
 f - a potion of heal wounds
 h - 3 potions of curing {unknown}
 i - a potion of flight {unknown}
 o - a potion of mutation {unknown}
 p - 2 potions of might {unknown}
 r - a potion of invisibility {unknown}
Comestibles
 c - 8 rations


   Skills:
 + Level 3.1 Fighting
 - Level 2.0 Dodging
 + Level 2.2 Shields
 * Level 4.9 Unarmed Combat
 - Level 2.0 Spellcasting
 - Level 2.0 Transmutations


You had one spell level left.
You knew the following spells:

 Your Spells              Type           Power        Failure   Level  Hunger
a - Beastly Appendage     Tmut           #.....       5%          1    ##.....
b - Sticks to Snakes      Tmut           #.......     8%          2    ###....
c - Ice Form              Ice/Tmut       #.......     56%         4    #####..

Your spell library contained the following spells:

 Spells                   Type           Power        Failure   Level  Hunger
 Spider Form              Tmut/Pois      #.........   22%         3    ####...
 Blade Hands              Tmut           #.........   77%         5    ######.


Dungeon Overview and Level Annotations

Branches:
Dungeon (4/15)
 Temple: D:4-7

Altars:
Fedhas

Annotations:
D:4 Natasha


Innate Abilities, Weirdness & Mutations

Your plain brown scales are hard. (AC +5)
You cannot fit into any form of body armour.
You are cold-blooded and may be slowed by cold attacks.
You have a pair of horns on your head.


Message History

You closely miss the shadow imp.
Your transformation is almost over.
You block Natasha's attack. The shadow imp gestures at you.
Pain shoots through your body!
Natasha mumbles some strange words.
You barely miss Natasha. The shadow imp gestures at you.
Pain shoots through your body! You block Natasha's attack.
The white imp hits you but does no damage.
The shadow imp barely misses you.
You barely miss Natasha.
Natasha casts a spell.
The white imp hits you.
* * * LOW HITPOINT WARNING * * *
The white imp freezes you.
You feel as though you will be slow longer.
* * * LOW HITPOINT WARNING * * *
The shadow imp misses you. The white imp barely misses you. Natasha claws you!
You die...

##......... #.........#
##.#.......# ####
##........>..
...####..#.#.......
#..#......#....... #
#.#....###......# ...
###5.....# #......#
(....##h@5..##.# #......#
...(.(.5##.###...######.#
........≈#.# ###... .#
.(...##♣≈♣P. ###. # .....
≈≈≈.. .... ♣≈..## ###
P### ##


You could see Natasha, a crimson imp, a white imp and a shadow imp.

Vanquished Creatures
  A scorpion (D:4)
  A jelly (D:3)
  An iguana (D:4)
  2 adders (D:2)
  An adder skeleton (D:3)
  4 worms
  4 dart slugs
  2 leopard geckos
  2 orcs (D:3)
  6 bats
  5 giant cockroaches
  8 goblins
  5 hobgoblins
  4 jackals
  A quokka (D:3)
  3 ball pythons
  A frilled lizard (D:2)
  6 kobolds (D:3)
  6 rats
63 creatures vanquished.

Vanquished Creatures (collateral kills)
  A worm (D:2)
  A jackal (D:2)
2 creatures vanquished.

Grand Total: 65 creatures vanquished

Notes
Turn   | Place    | Note
-------+----------+-------------------------------------------
     0 | D:1      | MoonlitKnight the Draconian Transmuter began the quest for
                  | the Orb.
     0 | D:1      | Reached XP level 1. HP: 16/16 MP: 3/3
   421 | D:1      | Reached XP level 2. HP: 23/23 MP: 5/5
   434 | D:1      | Learned a level 2 spell: Sticks to Snakes
   775 | D:2      | Found a blossoming altar of Fedhas.
   956 | D:2      | Reached XP level 3. HP: 23/29 MP: 4/6
  1431 | D:2      | Reached skill level 1 in Shields
  1539 | D:2      | Reached skill level 4 in Unarmed Combat
  1866 | D:3      | Reached XP level 4. HP: 36/36 MP: 5/7
  1884 | D:3      | Learned a level 4 spell: Ice Form
  2234 | D:3      | HP: 1/37 [acid (9)]
  3042 | D:4      | Reached XP level 5. HP: 26/45 MP: 8/8
  3494 | D:4      | Noticed Natasha
  3508 | D:4      | Slain by Natasha

Levels and vault maps discovered:
D:1:      evilmike_arrival_rings, layout_basic
D:2:      layout_loops_ring, fedhas_ov_isle_minmay
D:3:      layout_loops_ring, st_stairs_10
D:4:      layout_rooms, serial_bayou, serial_bayou_pond_c, serial_bayou_pond_d,
          serial_bayou_pond_e, serial_bayou_lagoon_a, first_ration, uniq_natasha

Skill      XL: |  1  2  3  4 |
---------------+-------------+-----
Dodging        | 2 |  2.0
Fighting       | 2 3 |  3.1
Shields        | 1 2 |  2.2
Unarmed Combat | 4 |  4.9
Spellcasting   | |  2.0
Transmutations | |  2.0

Action                   |  1- 3 |  4- 6 || total
-------------------------+-------+-------++-------
Melee: Unarmed           |    48 |    70 ||   118
       Tailslap          |     5 |     4 ||     9
       Kick              |     2 |     1 ||     3
       Headbutt          |     3 |     2 ||     5
 Fire: Hunting sling     |    52 |    58 ||   110
 Cast: Beastly Appendage |     7 |     6 ||    13
       Sticks to Snakes  |     3 |       ||     3
  Use: Scroll            |       |     4 ||     4
  Eat: Chunk             |     3 |     5 ||     8
Armor: Skin              |    19 |    34 ||    53
Dodge: Dodged            |    23 |    44 ||    67
Block: Buckler           |     2 |    15 ||    17

Table legend:
 A = Non-vault XP
 B = Vault XP
 C = Vault XP percentage of total XP
 D = Non-vault monster count
 E = Vault monster count
 F = Vault count percentage of total count
                 A         B        C        D         E       F
            +---------+---------+-------+---------+---------+-------
      Total |     301 |       5 |   1.6 |      61 |       4 |   6.2
            +---------+---------+-------+---------+---------+-------
        D:1 |      23 |       0 |   0.0 |      12 |       0 |   0.0
        D:2 |      71 |       0 |   0.0 |      18 |       0 |   0.0
        D:3 |      86 |       5 |   5.5 |      24 |       4 |  14.3
        D:4 |     121 |       0 |   0.0 |       7 |       0 |   0.0
            +---------+---------+-------+---------+---------+-------
